 Dungeon Crawl Stone Soup version 0.29.1-1-gd02db6906a (webtiles) character file.

Game seed: 1699111477462646787

122 Revguard the Trooper (level 5, -1/42 HPs)
             Began as a Human Fighter on Sept 16, 2022.
             Killed from afar by Terence (20 damage)
             ... with a bolt of dispelling energy
             ... on level 2 of the Dungeon.
             The game lasted 00:02:52 (1593 turns).

Revguard the Trooper (Human Fighter)                Turns: 1593, Time: 00:02:53

Health: -1/42      AC:  6    Str: 17    XL:     5   Next: 27%
Magic:  5/5        EV:  9    Int:  8    God:
Gold:   89         SH:  5    Dex: 14    Spells: 4/4 levels left

rFire   . . .      SeeInvis .   a - +0 long sword
rCold   . . .      Faith    .   c - +0 buckler
rNeg    . . .      Spirit   .   b - +0 scale mail
rPois   .          Reflect  .   (no helmet)
rElec   .          Harm     .   (no cloak)
rCorr   .          Rampage  .   (no gloves)
Will    .....                   (no boots)
Stlth   ..........              (no amulet)
HPRegen 0.14/turn               (no ring)
MPRegen 0.09/turn               (no ring)

@: no status effects
A: no striking features
a: no special abilities


You were on level 2 of the Dungeon.
You visited 1 branch of the dungeon, and saw 2 of its levels.

You collected 89 gold pieces.

Inventory:

Hand Weapons
 a - a +0 long sword (weapon)
Missiles
 h - a throwing net (quivered)
Armour
 b - a +0 scale mail (worn)
 c - a +0 buckler (worn)
Scrolls
 d - a scroll of teleportation {unknown}
 e - a scroll of immolation {unknown}
 f - a scroll of enchant weapon
 g - a scroll of brand weapon {unknown}
 i - a scroll of butterflies
Potions
 j - a potion of curing


   Skills:
 * Level 3.9 Fighting
 + Level 2.5 Long Blades
 + Level 3.3 Armour
 + Level 1.1 Dodging
 + Level 3.4 Shields
 + Level 1.2 Invocations
 + Level 1.3 Evocations


You had 4 spell levels left.
You didn't know any spells.
Your spell library contained the following spells:

 Spells                   Type           Power      Damage    Failure   Level
 Summon Forest            Summ/Tloc      0%         N/A       100%        5
 Eringya's Noxious Bog    Tmut/Pois      0%         N/A       100%        6
 Summon Hydra             Summ           0%         N/A       100%        7


Dungeon Overview and Level Annotations

Branches:
Dungeon (2/15)

Altars:

Annotations:
D:2 Terence


Message History

You escape the ball python's grasp.
You block the ball python's attack. The ball python barely misses you.
You slash the ball python!
You kill the ball python!
You see here a ball python corpse.
There is a stone staircase leading up here.
A goblin comes into view. It is wielding a +0 dagger.
Found a scroll labelled VOVUMMAURCHOLAL.
The goblin shouts!
Found a stone staircase leading down.
The goblin hits you but does no damage.
You barely miss the goblin. You block the goblin's attack.
You barely miss the goblin. The goblin hits you but does no damage.
The goblin hits you with a +0 dagger.
You closely miss the goblin. The goblin closely misses you.
You hit the goblin.
The goblin is moderately wounded.
The goblin hits you but does no damage.
You slash the goblin!
You kill the goblin!
Things that are here:
a +0 dagger; a goblin corpse
e - a scroll labelled VOVUMMAURCHOLAL
Things that are here:
a +0 dagger; a goblin corpse
Found a mace.
g - a scroll labelled IVOFYOGAAMU Terence the Incautious comes into view.
He is wielding a +0 mace and carrying a wand of quicksilver (7).
Found a fizzy inky potion.
Terence zaps a wand.
The bolt of dispelling energy misses you.
You see here a +0 mace.
Found a stone staircase leading up.
Terence zaps a wand.
The bolt of dispelling energy hits you!!
Ouch! That really hurt!
Terence hits you with a +0 mace.
You hit Terence but do no damage.
Terence says, "Time to say good-bye..."
Terence zaps a wand.
The bolt of dispelling energy hits you!!
You die...

##....##.P# )..##.....#
#####P....##
..##♣P.P..P# #########
...P..~~...###..!#...##
###...~~~..##.........##
.....~~~♣♣P#..........<#
...P~♣~~~P......@......#
...P♣~~♣♣.......@......#
....~~.~..P...........##
.....~♣♣.♣#..#)..#...##
.........##.(..#########
.........#####.........#
..>....P######.........#
.......................#
........######.........#
........# #.........#


You could see Terence.

Vanquished Creatures
  Jessica (D:2)
  2 orc wizards (D:2)
  An adder (D:2)
  A worm (D:2)
  An orc (D:2)
  3 bats
  2 endoplasms (D:1)
  2 giant cockroaches
  A hobgoblin (D:1)
  3 jackals (D:1)
  A kobold (D:1)
  7 ball pythons
  3 frilled lizards
  5 goblins
  3 rats (D:1)
36 creatures vanquished.

Notes
Turn   | Place    | Note
-------+----------+-------------------------------------------
     0 | D:1      | Revguard the Human Fighter began the quest for the Orb.
     0 | D:1      | Reached XP level 1. HP: 18/18 MP: 1/1
   335 | D:1      | Reached XP level 2. HP: 24/24 MP: 2/2
   716 | D:1      | Reached XP level 3. HP: 25/29 MP: 3/3
  1015 | D:2      | Reached skill level 1 in Dodging
  1015 | D:2      | Reached skill level 1 in Invocations
  1015 | D:2      | Reached skill level 1 in Evocations
  1015 | D:2      | Reached XP level 4. HP: 35/36 MP: 4/4
  1021 | D:2      | Noticed Jessica
  1023 | D:2      | Killed Jessica
  1024 | D:2      | Reached XP level 5. HP: 42/42 MP: 5/5
  1393 | D:2      | Found a faded altar of an unknown god.
  1588 | D:2      | Noticed Terence
  1593 | D:2      | Killed from afar by Terence

Illustrated notes

Levels and vault maps discovered:
D:1:      reono_arrival_mine, layout_loops_ring
D:2:      layout_rooms, nicolae_ecumenical_snake_handling, serial_bayou_pond_a,
          feat_on_display, uniq_terence, uniq_jessica

Skill      XL: |  1  2  3 |
---------------+----------+-----
Dodging        | 1 |  1.1
Invocations    | 1 |  1.2
Evocations     | 1 |  1.3
Fighting       | |  3.9
Long Blades    | |  2.5
Armour         | |  3.3
Shields        | |  3.4

Action                   |  1- 3 |  4- 6 || total
-------------------------+-------+-------++-------
Melee: Long sword        |    71 |    46 ||   117
  Use: Scroll            |     4 |       ||     4
       Potion            |     2 |       ||     2
Armor: Scale mail        |    45 |    29 ||    74
Dodge: Dodged            |    31 |    31 ||    62
Block: Buckler           |    25 |    14 ||    39
